← All builds
Beach sea / Cortex / Economy first / OBSERVED BUILD

Standard beach sea

The role's usual play: com goes to sea to build a shipyard around 2 minutes, pumping frigates and destroyers to contest enemy sea entry or hold vision, with an advanced metal extractor around 10 minutes as the transition into the team's…

Usually shipyard first (94%)

#naval #eco · 729 distinct matches · 102 players · 84% of Cortex Beach sea games · team won 55% of 789 · Recently observed

HOW TO PLAY IT

Key timing: Shipyard by 1:57

  1. Open 3 mex and wind while com heads straight to sea.
  2. Drop Shipyard fast, before 2:00, to seize early sea presence.
  3. Push "frigate" out to contest enemy sea entry or hold vision.
  4. Add "destroyer" as the fleet grows.
  5. Transition into Advanced Metal Extractor to catch up on eco.

Phase by phase

TYPICAL OF ITS 729 GAMES
  1. 1
  2. 2
  3. 3
PLAY THE OPENING

Follow the example game's first 6:00 step by step: what to build now, what comes next, and where it goes. At 1× it keeps pace with your own game.

  1. 1

    Up to the Shipyard

    Economy
    • Metal Extractor3Mex
    • Wind Turbine3Windfor allies
    • Wind Turbine2Wind
    • Energy Storage1Energy storage
    Order
    1. ShipyardShipyard after 3 mex, 2 wind, 1 energy storagedone ~1:57, middle half 1:45–2:08

    By 1:41 in all: 3 mex · 2 wind · 1 energy storage

    The example game in this phase · 8 steps
    1. Mex ×3
    2. Wind ×2for Tech
    3. Wind ×2
    4. Energy storage
    5. Wind
    6. GuardGuard
    7. Wind
    8. ShipyardShipyarddone 2:17 · typical 1:57
  2. 2

    Shipyard to 5:00

    Economy
    • Metal Extractor5Mex
    • Tidal Generator1Tidal
    Builders
    • Construction Ship2 Con ship
    Army
    • Riptide2 Frigate
    • Herring1 Missile corvette
    • Oppressor1 Destroyer
    Other
    • Naval Radar / Sonar Tower1 Naval Radar / Sonar Tower

    Some games also: Urchin (42%) · wind (41%) · submarine (40%) · con turret (35%) · gunboat (34%)

    By 5:00 in all: 8 mex · 3 wind · 2 tidal · 1 energy storage

    The example game in this phase · 13 steps
    1. Construction ShipCon ship ×2
    2. HerringMissile corvette
    3. Mex
    4. RiptideFrigate ×2done 2:56 · typical 3:51
    5. Mex ×2
    6. RiptideFrigate
    7. Naval Radar / Sonar TowerNaval Radar / Sonar Tower ×2
    8. Mex
    9. OrcaSubmarinedone 4:53
    10. Mex
    11. Con turret
    12. Naval Radar / Sonar TowerNaval Radar / Sonar Tower
    13. RiptideFrigate
  3. 3

    5:00 to 10:00

    Economy
    • Metal Extractor1Mex
    • Wind Turbine10Wind
    Builders
    • Death Cavalry1 Death Cavalry
    • Construction Ship1 Con ship
    Army
    • Riptide5 Frigate
    • Oppressor2 Destroyer
    • Herring2 Missile corvette
    Other
    • Naval Radar / Sonar Tower1 Naval Radar / Sonar Tower

    Some games also: Urchin (50%) · Naval Construction Turret (47%) · Guard (47%) · Radar Tower (41%) · tidal (38%)

    By 10:00 in all: 9 mex · 12 wind · 4 wind · 4 tidal · 1 energy storage · 1 Naval Construction Turret

    The example game in this phase · 107 steps
    1. Mex
    2. RiptideFrigate
    3. UrchinUrchin
    4. Mex
    5. Wind ×2
    6. RiptideFrigate
    7. Wind ×3
    8. OrcaSubmarine
    9. Naval Radar / Sonar TowerNaval Radar / Sonar Tower
    10. Wind ×2
    11. UrchinUrchin
    12. NettleNettle
    13. Death CavalryDeath Cavalry
    14. Wind ×2
    15. Shark's TeethShark's Teeth
    16. RiptideFrigate
    17. Shark's TeethShark's Teeth
    18. Wind
    19. Shark's TeethShark's Teeth ×2
    20. NettleNettle
    21. Wind
    22. Shark's TeethShark's Teeth ×4
    23. Wind
    24. Shark's TeethShark's Teeth
    25. SentrySentry
    26. Shark's TeethShark's Teeth
    27. Construction ShipCon ship
    28. Advanced Metal ExtractorT2 mexdone 9:06 · typical 9:57
    29. Wind
    30. Shark's TeethShark's Teeth ×3
    31. Wind
    32. RiptideFrigate
    33. SentrySentry
    34. Wind
    35. Mex
    36. Wind
    37. SentrySentry
    38. Advanced Metal ExtractorT2 mex
    39. OppressorDestroyerdone 10:06 · typical 5:09
    40. SentrySentry
    41. Con turret
    42. RiptideFrigate
    43. Wind ×3
    44. UrchinUrchin
    45. Wind
    46. OppressorDestroyer
    47. Advanced Metal ExtractorT2 mex
    48. Wind ×3
    49. UrchinUrchin
    50. Wind
    51. OppressorDestroyer
    52. Wind
    53. Naval Radar / Sonar TowerNaval Radar / Sonar Tower
    54. Wind ×2
    55. UrchinUrchin
    56. Wind
    57. Shark's TeethShark's Teeth
    58. HerringMissile corvette
    59. Death CavalryDeath Cavalry
    60. Wind
    61. RiptideFrigate
    62. Advanced Metal ExtractorT2 mex
    63. RiptideFrigate
    64. Wind ×2
    65. Mex
    66. RiptideFrigate
    67. Wind ×3
    68. Death CavalryDeath Cavalry
    69. Wind
    70. Construction ShipCon ship
    71. Wind ×2
    72. Shark's TeethShark's Teeth ×2
    73. RiptideFrigate
    74. Wind
    75. Shark's TeethShark's Teeth ×2
    76. RiptideFrigate
    77. Wind
    78. Shark's TeethShark's Teeth
    79. Wind
    80. Shark's TeethShark's Teeth
    81. Wind
    82. RiptideFrigate
    83. Shark's TeethShark's Teeth ×2
    84. Wind
    85. UrchinUrchin
    86. Wind
    87. Shark's TeethShark's Teeth
    88. RiptideFrigate
    89. Wind
    90. Shark's TeethShark's Teeth
    91. Wind
    92. Shark's TeethShark's Teeth
    93. Wind
    94. Shark's TeethShark's Teeth
    95. Wind
    96. Shark's TeethShark's Teeth ×2
    97. Wind ×2
    98. RiptideFrigate
    99. Shark's TeethShark's Teeth ×2
    100. Aircraft PlantAircraft Plantdone 14:20
    101. Mex
    102. OppressorDestroyer
    103. Shark's TeethShark's Teeth
    104. Wind
    105. RiptideFrigate
    106. Wind
    107. RiptideFrigate ×2

Counts are medians over the build's games: half of them build more, half fewer. The example game is CommandoMan's (38 OS, 15/09/2026); pick another.

Team trades

IN AT LEAST 30% OF ITS GAMES

You hand over

  • Wind Turbine3 Wind to Airfirst at 1:54 · in 79% of games

You get

  • Finch1 Finch from Airfirst at 1:58 · in 81% of games
  • Lazarus1 Lazarus from Geofirst at 2:14 · in 62% of games
  • Hephaestus1 Heavy transport from Airfirst at 2:16 · in 68% of games
  • Construction Bot1 Con bot from Geofirst at 2:29 · in 69% of games
  • Hercules1 Light transport from Airfirst at 2:35 · in 31% of games
  • Advanced Construction Bot1 T2 con bot from Techfirst at 8:09 · in 88% of games

How it plays out

Typical game of this build, running totals by minute

Metal produced

010k20k30k
0:005:0010:0015:00

metal

Enemy metal destroyed

05k10k
0:005:0010:0015:00

metal

Own metal lost

02.5k5k7.5k
0:005:0010:0015:00

metal

789 games.

Show as table
ByMetal produced: This buildEnemy metal destroyed: This buildOwn metal lost: This build
1:0040300
2:0093700
3:00156300
4:002522050
5:003699194100
6:005026532250
7:0064731100588
8:00808018571041
9:00968328851621
10:001160240232345
11:001382252273090
12:001635262003851
13:001911172574621
14:002186583045721
15:002487692656531
WHAT THE NUMBERS SAY

Standard Beach sea wins more than Geo sea's 50% and gets its Shipyard up faster, using early sea access before falling behind on land resources.

  • + Shipyard finishes by 1:57, faster than Geo sea's 3:18
  • + 54% team win rate beats the Cortex geo sea baseline
  • − Metal produced trails Geo sea's Cortex build, 24356 vs 28451 by 15:00
  • − T2 factory only lands in 35% of games by 12:42
THE EXAMPLE YOU ARE READING

CommandoMan

37.9 OS · 15/09/2026

Open source match ↗

6 received units · includes a constructor
362 metal received · 40782 energy received

Allied construction assistance is unknown. Timings are observations, not a promise of solo reproducibility.

Typical milestones

Shipyard1:57Middle 50%: 1:45–2:08 · n=787
Riptide3:51Middle 50%: 3:15–4:31 · n=782
Oppressor5:09Middle 50%: 4:11–6:07 · n=764
Advanced Metal Extractor9:57Middle 50%: 9:15–10:53 · n=667

Played most by

EpicTyrannus68games of this buildDamsko64games of this buildWaboum64games of this buildPRO_HYDRA54games of this buildMrCoolPotato51games of this build